[Event "Titled Tuesday Blitz January 25 2022"]
[White "Vlassov, Nikolai"]
[Black "Pap, Gyula"]
[WhiteFideId "4103360"]
[BlackFideId "725323"]
[WhiteElo "2407"]
[BlackElo "2553"]
[Result "0-1"]
[Round "09"]
[TimeControl "180+1"]
[Date "2022.01.26"]
[WhiteClock "0:00:17"]
[BlackClock "0:00:06"]

1. e4 c6 2. d4 d5 3. e5 Bf5 4. Nc3 e6 5. g4 Bg6 6. Nge2 f6 7. Nf4 Bf7 8. Qe2 fxe5 9. dxe5 Ne7 10. g5 Ng6 11. h4 Nd7 12. Bh3 Qe7 13. Nd3 Nxh4 14. Bxe6 Ng2+ 15. Kf1 Bxe6 16. Kxg2 O-O-O 17. Bf4 Qf7 18. Bg3 Be7 19. f4 h6 20. gxh6 gxh6 21. Rag1 h5 22. Kf1 h4 23. Bf2 Bf5 24. a4 Kb8 25. b4 d4 26. Ne4 Qd5 27. Nec5 Nxc5 28. bxc5 h3 29. Rh2 Rdg8 30. Qd2 Rxg1+ 31. Bxg1 Qf3+ 32. Rf2 Qh1 33. Rh2 Qe4 34. Nf2 Qf3 35. Qe2 Qc3 36. Nd3 Qa1+ 37. Kf2 Qxa4 38. Kf3 Qc4 39. Qf2 Qd5+ 40. Ke2 a5 41. Kd2 a4 42. Qxd4 Qxd4 43. Bxd4 Rg8 44. Ke3 a3 45. Nb4 Rg2 46. Rxg2 hxg2 47. Kf2 Bh4+ 48. Kxg2 Be1 49. Kf3 Bxb4 50. Ba1 Bxc5 51. Ke2 Be7 52. c4 Kc8 53. Kd2 b5 54. Kc3 b4+ 55. Kb3 c5 56. e6 Bxe6 57. Be5 Kd7 58. f5 Bxf5 59. Ka2 Bd3 60. Kb3 Bd6 61. Bf6 Bf5 62. Bg7 Ke6 63. Bh6 Be5 64. Bc1 Bd4 65. Bxa3 bxa3 66. Kxa3 Bd3 67. Kb3 Ke5 68. Ka4 Bxc4 69. Ka5 Bd3 70. Kb6 c4+ 71. Kb5 c3+ 72. Kb4 c2 73. Kb3 c1=Q 74. Kb4 Qc5+ 75. Ka4 Qb5+ 76. Ka3 Bc5+ 0-1


[Site "https://www.chess.com"]

[Event "Titled Tuesday Blitz January 25 2022"]
[White "Vokhidov, Shamsiddin"]
[Black "Petesch, Gabriel"]
[WhiteFideId "14204223"]
[BlackFideId "2032465"]
[WhiteElo "2611"]
[BlackElo "2374"]
[Result "1-0"]
[Round "09"]
[TimeControl "180+1"]
[Date "2022.01.26"]
[WhiteClock "0:01:15"]
[BlackClock "0:00:05"]

1. e4 d6 2. d4 e5 3. dxe5 dxe5 4. Qxd8+ Kxd8 5. f4 exf4 6. Bxf4 c6 7. Nc3 Ke8 8. O-O-O Ne7 9. Nf3 Ng6 10. Bg3 Bb4 11. Bc4 Be6 12. Bxe6 fxe6 13. Ne2 Bc5 14. Ned4 Ke7 15. Nb3 Be3+ 16. Kb1 Bf4 17. Bxf4 Nxf4 18. Ne5 Ng6 19. Nxg6+ hxg6 20. Rd3 Nd7 21. Na5 Rab8 22. Nc4 Rh4 23. Rhd1 Nc5 24. Rg3 Rxe4 25. b3 Rf8 26. Rxg6 Kf7 27. Rg5 Rxc4 28. bxc4 b6 29. Rf1+ Kg8 30. Rxf8+ Kxf8 31. Kc1 Kf7 32. h4 Kf6 33. Rg4 g6 34. Kd2 e5 35. Ke3 Kf5 36. Rg5+ Kf6 37. Rg3 e4 38. Rg5 Ne6 39. Rg4 Nc5 40. Rxe4 Nxe4 41. Kxe4 g5 42. hxg5+ Kxg5 43. Ke5 Kg4 44. Kd6 b5 45. c5 b4 46. Kxc6 a5 47. Kb5 b3 48. cxb3 a4 49. c6 a3 1-0


[Site "https://www.chess.com"]

[Event "Titled Tuesday Blitz January 25 2022"]
[White "Zelbel, Patrick"]
[Black "Yang, Kaiqi"]
[WhiteFideId "24624322"]
[BlackFideId "8604398"]
[WhiteElo "2493"]
[BlackElo "2373"]
[Result "1-0"]
[Round "09"]
[TimeControl "180+1"]
[Date "2022.01.26"]
[WhiteClock "0:01:26"]
[BlackClock "0:00:09"]

1. e4 e5 2. f4 exf4 3. Nf3 g5 4. Nc3 Bg7 5. d4 h6 6. g3 fxg3 7. hxg3 Ne7 8. Nxg5 hxg5 9. Rxh8+ Bxh8 10. Bxg5 d5 11. Qh5 Bxd4 12. O-O-O Bxc3 13. Rxd5 Qxd5 14. exd5 Bd4 15. Qh4 Nf5 16. Qe4+ Kf8 17. g4 Be3+ 18. Bxe3 Nxe3 19. Qxe3 Nd7 20. Qf4 Nb6 21. c4 Bd7 22. Bg2 Rc8 23. c5 Nxd5 24. Bxd5 Be8 25. g5 c6 26. Bb3 Rd8 27. g6 Rd7 28. Qh6+ Ke7 29. g7 1-0


[Site "https://www.chess.com"]

[Event "Titled Tuesday Blitz January 25 2022"]
[White "Zong, Davis"]
[Black "Golubev, Mikhail"]
[WhiteFideId "30903955"]
[BlackFideId "14100983"]
[WhiteElo "2061"]
[BlackElo "2374"]
[Result "1/2-1/2"]
[Round "09"]
[TimeControl "180+1"]
[Date "2022.01.26"]
[WhiteClock "0:00:24"]
[BlackClock "0:00:13"]

1. d4 Nf6 2. c4 g6 3. Nc3 Bg7 4. e4 d6 5. Nf3 O-O 6. Be2 e5 7. O-O Nc6 8. d5 Ne7 9. b4 Ne8 10. c5 f5 11. Ng5 h6 12. Ne6 Bxe6 13. dxe6 fxe4 14. cxd6 Nxd6 15. Qc2 Nc6 16. Nxe4 Nd4 17. Qd3 Nxe4 18. Qxe4 Nxe2+ 19. Qxe2 Qd5 20. e7 Rfe8 21. Qc2 e4 22. Rd1 Qf7 23. Bb2 Bxb2 24. Qxb2 Rxe7 25. Qd2 Rf8 26. Rac1 Kh7 27. h3 a6 28. Rc3 Qf6 29. Rdc1 c6 30. Rc4 Ref7 31. Rxe4 Qxf2+ 32. Qxf2 Rxf2 33. Re7+ R2f7 34. Rce1 Kg7 35. Kh2 Rxe7 36. Rxe7+ Rf7 37. Re2 g5 38. Kg3 Kg6 39. Re6+ Kf5 40. Re8 Rd7 41. Rf8+ Kg6 42. Rb8 h5 43. Kf3 Rf7+ 44. Ke3 h4 45. a4 Kf5 46. Kf3 Kg6+ 47. Ke3 Kf5 48. Kf3 Kg6+ 49. Ke3 1/2-1/2


[Site "https://www.chess.com"]

[Event "Titled Tuesday Blitz January 25 2022"]
[White "Aaditya Dhingra"]
[Black "Yurovskykh, Oleksandr"]
[WhiteFideId "25678191"]
[BlackFideId "14134020"]
[WhiteElo "1789"]
[BlackElo "2292"]
[Result "1-0"]
[Round "10"]
[TimeControl "180+1"]
[Date "2022.01.26"]
[WhiteClock "0:00:15"]
[BlackClock "0:00:21"]

1. e4 c5 2. Nf3 Nc6 3. d4 cxd4 4. Nxd4 Nxd4 5. Qxd4 d6 6. c4 Nf6 7. Nc3 e6 8. Bg5 Be7 9. O-O-O Qa5 10. Bxf6 gxf6 11. Nb5 Bd7 12. Nxd6+ Bxd6 13. Qxd6 O-O-O 14. Qa3 Qxa3 15. bxa3 Bc6 16. f3 Rxd1+ 17. Kxd1 Kc7 18. Be2 Rd8+ 19. Kc2 Kb6 20. Kc3 Kc5 21. Rd1 Rg8 22. g3 h5 23. Bd3 h4 24. g4 e5 25. Bc2 b6 26. h3 Rh8 27. a4 a5 28. Rd2 Re8 29. Bb3 Rc8 30. a3 Rh8 31. Rd3 Rg8 32. Rd2 f5 33. exf5 Bxf3 34. Bc2 Bc6 35. Re2 f6 36. Be4 Bxa4 37. Rd2 Bc6 38. Bxc6 Kxc6 39. Rd5 Re8 40. Kd3 Rg8 41. a4 Kc7 42. Ke4 Kc6 43. Ke3 Rf8 44. Ke4 Rf7 45. g5 fxg5 46. Rxe5 Kd6 47. Re6+ Kc5 48. f6 Kxc4 49. Kf5 Kb4 50. Rxb6+ Kxa4 51. Kxg5 Ka3 52. Kxh4 a4 53. Kg5 Ka2 54. Kg6 Rf8 55. f7 a3 56. Kg7 Ra8 57. f8=Q Rxf8 58. Kxf8 Ka1 59. Ra6 a2 60. Rxa2+ Kxa2 61. h4 1-0


[Site "https://www.chess.com"]

[Event "Titled Tuesday Blitz January 25 2022"]
[White "Abarca Gonzalez, Nicolas"]
[Black "Bortnyk, Olexandr"]
[WhiteFideId "3409422"]
[BlackFideId "14120828"]
[WhiteElo "2504"]
[BlackElo "2723"]
[Result "1/2-1/2"]
[Round "10"]
[TimeControl "180+1"]
[Date "2022.01.26"]
[WhiteClock "0:00:11"]
[BlackClock "0:00:05"]

1. e4 Nf6 2. Nc3 d5 3. e5 Nfd7 4. e6 fxe6 5. d4 c5 6. Nf3 Nc6 7. dxc5 g6 8. Nd4 Ndb8 9. h4 Bg7 10. Nxc6 Nxc6 11. h5 Qa5 12. Bd2 Qxc5 13. hxg6 hxg6 14. Rxh8+ Bxh8 15. Qg4 Ne5 16. Qh3 Bf6 17. Bb5+ Nc6 18. Bd3 Ne5 19. Bb5+ Nc6 20. Bd3 e5 21. Bxg6+ Kd8 22. Qh7 Be6 23. O-O-O Kc7 24. Be3 d4 25. Ne4 Qb4 26. Bd2 Bg8 27. Qh2 Qa4 28. Nxf6 Qxa2 29. Bg5 exf6 30. Bxf6 Qe6 31. Bg7 Rf8 32. Bxf8 Qxg6 33. f4 Qf5 34. Bg7 Bh7 35. g4 Qxf4+ 36. Qxf4 exf4 37. Bxd4 Kd6 38. Bxa7+ Ke5 39. Bb6 f3 40. Bf2 Kf4 41. Rg1 Bg6 42. g5 Nb4 43. Kd2 Nxc2 44. Bg3+ Ke4 45. Bf2 Kf4 46. Rc1 Kxg5 47. Rxc2 Bxc2 48. Kxc2 Kg4 49. Kd3 Kh3 50. Ke3 Kg2 51. b3 b6 52. b4 b5 53. Be1 Kf1 54. Bh4 Kg2 55. Bf2 Kf1 56. Kxf3 1/2-1/2


[Site "https://www.chess.com"]

[Event "Titled Tuesday Blitz January 25 2022"]
[White "Aditya Mittal"]
[Black "Guseva, Marina"]
[WhiteFideId "35042025"]
[BlackFideId "4149351"]
[WhiteElo "2287"]
[BlackElo "2232"]
[Result "1-0"]
[Round "10"]
[TimeControl "180+1"]
[Date "2022.01.26"]
[WhiteClock "0:01:54"]
[BlackClock "0:01:22"]

1. d4 Nf6 2. c4 e6 3. Nc3 Bb4 4. f3 c5 5. d5 b5 6. e4 d6 7. Bd3 exd5 8. cxd5 c4 9. Bc2 O-O 10. Ne2 Nbd7 11. Be3 a6 12. O-O Bc5 13. Nd4 Qb6 14. a4 b4 15. a5 Qa7 16. Na4 Re8 17. Nxc5 Nxc5 18. Nc6 Qc7 19. Qd4 b3 20. Bd1 Be6 21. dxe6 Qxc6 22. exf7+ Kxf7 23. Qxc4+ Kf8 24. Bxb3 Re7 25. e5 1-0


[Site "https://www.chess.com"]

[Event "Titled Tuesday Blitz January 25 2022"]
[White "Arabidze, Meri"]
[Black "Navalgund, Niranjan"]
[WhiteFideId "13604040"]
[BlackFideId "5030854"]
[WhiteElo "2329"]
[BlackElo "2290"]
[Result "1-0"]
[Round "10"]
[TimeControl "180+1"]
[Date "2022.01.26"]
[WhiteClock "0:01:50"]
[BlackClock "0:02:21"]

1. Nf3 Nf6 2. d4 d5 3. c4 c5 4. dxc5 e6 5. Nc3 Bxc5 6. cxd5 exd5 7. e3 O-O 8. Be2 Nc6 9. O-O d4 10. Na4 Bd6 11. Nxd4 Re8 12. Nxc6 bxc6 13. b3 Qc7 14. h3 Ne4 15. Bb2 c5 16. Nc3 Ng5 17. Nb5 Bh2+ 18. Kh1 Qb8 19. f4 Rxe3 20. Qd8+ 1-0


[Site "https://www.chess.com"]

[Event "Titled Tuesday Blitz January 25 2022"]
[White "Aradhya, Garg"]
[Black "Khripachenko, Alexander"]
[WhiteFideId "25006746"]
[BlackFideId "54184975"]
[WhiteElo "2169"]
[BlackElo "2177"]
[Result "1/2-1/2"]
[Round "10"]
[TimeControl "180+1"]
[Date "2022.01.26"]
[WhiteClock "0:02:05"]
[BlackClock "0:01:51"]

1. d4 Nf6 2. c4 g6 3. g3 Bg7 4. Bg2 d5 5. cxd5 Nxd5 6. Nf3 O-O 7. O-O Nb6 8. Bf4 Nc6 9. e3 Bg4 10. h3 Bxf3 11. Bxf3 h6 12. h4 e5 13. dxe5 Nxe5 14. Bxb7 Rb8 15. Bg2 Nd3 16. Nc3 Nxb2 17. Qxd8 Rbxd8 18. Rac1 Nd3 19. Rc2 Nb4 20. Rcc1 Nd3 21. Rc2 Nb4 22. Rcc1 Nd3 1/2-1/2


[Site "https://www.chess.com"]

[Event "Titled Tuesday Blitz January 25 2022"]
[White "Avazkhonov, Alikhon"]
[Black "Bodnar, Nikolay"]
[WhiteFideId "14208504"]
[BlackFideId "14106469"]
[WhiteElo "1739"]
[BlackElo "2296"]
[Result "1-0"]
[Round "10"]
[TimeControl "180+1"]
[Date "2022.01.26"]
[WhiteClock "0:00:11"]
[BlackClock "0:00:37"]

1. f4 Nh6 2. Nf3 d5 3. g3 g6 4. Bg2 Bg7 5. O-O O-O 6. d3 Nf5 7. e4 dxe4 8. dxe4 Qxd1 9. Rxd1 Nd4 10. Nxd4 Rd8 11. c3 c5 12. Be3 cxd4 13. cxd4 Nc6 14. e5 Nb4 15. Rd2 Nd5 16. Bxd5 Rxd5 17. Nc3 Rd8 18. d5 Bh3 19. Rad1 f6 20. e6 Bg4 21. Re1 f5 22. Bd4 Bxd4+ 23. Rxd4 Rd6 24. Kg2 Rad8 25. h3 Bh5 26. Re5 Kg7 27. Nb5 Rb6 28. d6 Kf6 29. b4 Rc6 30. Nc7 Rc2+ 31. Kf1 Rc1+ 32. Kf2 Rc2+ 33. Ke3 Rh8 34. Nd5+ Kg7 35. Nxe7 Rd8 36. d7 g5 37. Nc8 gxf4+ 38. gxf4 Kf6 39. e7 Rh8 40. e8=Q Re2+ 41. Kd3 Rxe8 42. dxe8=Q Bxe8 43. Rxe2 Bb5+ 44. Ke3 Bxe2 45. Kxe2 Ke6 46. Rd6+ Kf7 47. Kf3 h5 48. h4 b6 49. a4 b5 50. axb5 a5 51. bxa5 Kg7 52. b6 Kf7 53. b7 Kg7 54. b8=Q Kf7 55. Qc7+ Kf8 56. Rd8# 1-0


[Site "https://www.chess.com"]

[Event "Titled Tuesday Blitz January 25 2022"]
[White "Azadaliyev, Jahandar"]
[Black "Tarasova, Viktoriya"]
[WhiteFideId "13425811"]
[BlackFideId "4175840"]
[WhiteElo "1795"]
[BlackElo "2182"]
[Result "1-0"]
[Round "10"]
[TimeControl "180+1"]
[Date "2022.01.26"]
[WhiteClock "0:00:23"]
[BlackClock "0:00:02"]

1. d4 Nf6 2. c4 e6 3. Nf3 b6 4. g3 Ba6 5. Nbd2 c5 6. Bg2 Bb7 7. dxc5 Bxc5 8. O-O O-O 9. b3 Be7 10. Bb2 d6 11. Qc2 Nbd7 12. Rad1 Rc8 13. e4 b5 14. e5 dxe5 15. Nxe5 Bxg2 16. Kxg2 Qc7 17. Nxd7 Nxd7 18. Qb1 Nf6 19. cxb5 Qb7+ 20. Kg1 Qxb5 21. Nc4 Rcd8 22. Qc2 Qc6 23. Qe2 h6 24. Rfe1 Rxd1 25. Rxd1 Rd8 26. Rxd8+ Bxd8 27. Qd2 Be7 28. Qd4 a6 29. Qe5 Qd7 30. Ne3 Qd2 31. Kg2 Kh7 32. Nc4 Qc2 33. Qe3 Nd5 34. Qf3 Bf6 35. Bxf6 Nxf6 36. Ne5 Qxa2 37. Nxf7 Qa5 38. Nd6 Qd5 39. Nc4 Kg8 40. Ne3 Qxf3+ 41. Kxf3 Kf7 42. Kf4 Ke7 43. Ke5 Nd7+ 44. Kd4 Kd6 45. Nc4+ Kc7 46. f4 Nb8 47. Ke5 Kd7 48. Na5 Ke7 49. b4 Nd7+ 50. Kd4 Kd6 51. Nc4+ Kc7 52. g4 Nf6 53. h3 Nd5 54. Ke5 Nxb4 55. Kxe6 Nc6 56. f5 a5 57. Kf7 a4 58. Kxg7 Kd7 59. f6 Nd8 60. f7 Ne6+ 61. Kg8 Ke7 62. h4 a3 63. Nxa3 Kf6 64. Nc4 Kg6 65. Ne5+ Kf6 66. Nf3 Kg6 67. f8=Q Nxf8 68. Kxf8 h5 69. Ne5+ Kh6 70. g5+ Kh7 71. Kf7 Kh8 72. Kg6 Kg8 73. Kxh5 1-0


[Site "https://www.chess.com"]

[Event "Titled Tuesday Blitz January 25 2022"]
[White "Bacrot, Etienne"]
[Black "Ovetchkin, Roman"]
[WhiteFideId "605506"]
[BlackFideId "4119991"]
[WhiteElo "2673"]
[BlackElo "2409"]
[Result "1-0"]
[Round "10"]
[TimeControl "180+1"]
[Date "2022.01.26"]
[WhiteClock "0:00:33"]
[BlackClock "0:00:08"]

1. d4 Nf6 2. Nf3 g6 3. g3 Bg7 4. Bg2 O-O 5. O-O d6 6. c4 c6 7. Nc3 Bf5 8. h3 Ne4 9. g4 Nxc3 10. bxc3 Be4 11. Qb3 b6 12. Re1 Nd7 13. Bf1 Bxf3 14. exf3 e6 15. f4 d5 16. cxd5 cxd5 17. f5 gxf5 18. gxf5 Qh4 19. Bg2 Rac8 20. Ba3 Kh8 21. Bxf8 Rxf8 22. Re3 Bh6 23. Rg3 Nf6 24. Qb4 Ne4 25. Bxe4 dxe4 26. Qd6 Re8 27. fxe6 f6 28. Qd7 Qh5 29. Qf7 1-0


[Site "https://www.chess.com"]

[Event "Titled Tuesday Blitz January 25 2022"]
[White "Barria Zuniga, Daniel"]
[Black "Bethke, Richard"]
[WhiteFideId "3400816"]
[BlackFideId "12959243"]
[WhiteElo "2414"]
[BlackElo "2455"]
[Result "1/2-1/2"]
[Round "10"]
[TimeControl "180+1"]
[Date "2022.01.26"]
[WhiteClock "0:00:06"]
[BlackClock "0:00:04"]

1. d4 Nf6 2. c4 e6 3. Nf3 d5 4. Nc3 Be7 5. Bg5 O-O 6. Qc2 h6 7. Bxf6 Bxf6 8. O-O-O dxc4 9. e4 a6 10. Bxc4 b5 11. Bb3 Bb7 12. e5 Bg5+ 13. Kb1 Nd7 14. h4 Be7 15. d5 exd5 16. Nxd5 Rc8 17. Nf4 Qe8 18. e6 Nc5 19. exf7+ Rxf7 20. Rhe1 Nxb3 21. Qxb3 Kh7 22. Qc2+ Kg8 23. Qb3 Bxf3 24. gxf3 Rd8 25. Rxd8 Qxd8 26. Ng6 Bf6 27. Nh8 Kxh8 28. Qxf7 Qd3+ 29. Ka1 Bxb2+ 30. Kxb2 Qd2+ 31. Kb3 Qxe1 32. Qf8+ Kh7 33. Qf5+ Kg8 34. Qc8+ Kh7 35. Qf5+ Kg8 36. Qc8+ Kf7 37. Qxc7+ Kf6 38. Qf4+ Ke7 39. Qc7+ Kf8 40. Qc8+ Kf7 41. Qb7+ Kg8 42. Qxa6 Qxf2 43. Qxb5 Qxf3+ 44. Kb4 Kh7 45. a4 Qf4+ 46. Qc4 Qd2+ 47. Kb3 g5 48. hxg5 hxg5 49. Qe4+ Kh6 50. Qc6+ Kh5 51. Qb5 Kh4 52. a5 g4 53. a6 Qd1+ 54. Kb4 Qe1+ 55. Kc5 Qe3+ 56. Kd6 g3 57. Qb7 Qd4+ 58. Kc7 Qc5+ 59. Kb8 Kh3 60. a7 Qd6+ 61. Kc8 Qc5+ 62. Kb8 Qd6+ 63. Kc8 Qf8+ 64. Kc7 Qf7+ 65. Kb6 Qxb7+ 66. Kxb7 g2 67. a8=Q g1=Q 68. Qh8+ Kg2 69. Qg7+ Kh1 70. Qxg1+ Kxg1 1/2-1/2


[Site "https://www.chess.com"]

[Event "Titled Tuesday Blitz January 25 2022"]
[White "Baules Rodriguez, Jorge Luis"]
[Black "Petrovskyi, Vadym"]
[WhiteFideId "6600247"]
[BlackFideId "14165210"]
[WhiteElo "2375"]
[BlackElo "2424"]
[Result "1-0"]
[Round "10"]
[TimeControl "180+1"]
[Date "2022.01.26"]
[WhiteClock "0:00:31"]
[BlackClock "0:00:07"]

1. e4 c5 2. Nf3 d6 3. d4 cxd4 4. Nxd4 Nf6 5. Nc3 a6 6. Be3 e5 7. Nb3 Be7 8. Qd2 Be6 9. f4 O-O 10. O-O-O Nbd7 11. f5 Bxb3 12. cxb3 Rc8 13. Kb1 b5 14. g4 b4 15. Nd5 Nxe4 16. Qxb4 Ndc5 17. Bg2 a5 18. Qb6 Qe8 19. Bxc5 Nxc5 20. Nxe7+ Qxe7 21. Qxd6 Qg5 22. h3 e4 23. Rhe1 Rfe8 24. Qd4 Nd3 25. Qe3 Qf6 26. Rxd3 a4 27. Rd4 axb3 28. axb3 Qa6 29. Rxe4 Rf8 30. Re7 h6 31. Bd5 Qa5 32. Rxf7 Qxd5 33. Rxf8+ Kxf8 34. Qe7+ Kg8 35. Qe6+ Qxe6 36. Rxe6 Rd8 37. Re3 Kf7 38. b4 Kf6 39. Kc2 Kg5 40. b5 Kf4 41. Rb3 Rb8 42. Kd3 h5 43. Rb4+ Kg3 44. gxh5 Kxh3 45. Ke4 Kg4 46. b6 Kxh5 47. b7 Kg5 48. Ke5 Re8+ 49. Kd6 Rb8 50. Kc7 Rxb7+ 51. Kxb7 Kxf5 52. Kc6 g5 53. Rc4 g4 54. Rxg4 Kxg4 55. b4 1-0


[Site "https://www.chess.com"]

[Event "Titled Tuesday Blitz January 25 2022"]
[White "Belov, Vladimir"]
[Black "Shuvalov, Evgenij"]
[WhiteFideId "4132394"]
[BlackFideId "4187237"]
[WhiteElo "2501"]
[BlackElo "2119"]
[Result "1-0"]
[Round "10"]
[TimeControl "180+1"]
[Date "2022.01.26"]
[WhiteClock "0:00:10"]
[BlackClock "0:00:11"]

1. d4 Nf6 2. c4 g6 3. Nc3 d5 4. cxd5 Nxd5 5. e4 Nxc3 6. bxc3 Bg7 7. Nf3 c5 8. h3 O-O 9. Be2 Qc7 10. O-O b6 11. Bg5 Bb7 12. Qd3 Nc6 13. Rac1 Rad8 14. d5 Na5 15. c4 Ba6 16. Qe3 f6 17. Bf4 e5 18. Bh6 Bxh6 19. Qxh6 Nb7 20. Nd2 Nd6 21. a4 Bc8 22. Qe3 a5 23. Rb1 Bd7 24. Qa3 Rb8 25. Rfe1 Qd8 26. Bg4 Bxg4 27. hxg4 Qd7 28. f3 Kg7 29. Rb3 Rh8 30. Reb1 Qc7 31. Qb2 Nc8 32. g5 fxg5 33. Nf1 h5 34. Qd2 Qd8 35. Rb5 Nd6 36. R5b3 Re8 37. Ne3 g4 38. fxg4 Nxe4 39. Qd3 Nd6 40. gxh5 gxh5 41. Nf5+ Nxf5 42. Qxf5 h4 43. Qg4+ Kh6 44. Rh3 Qg5 45. Rxh4+ Kg6 46. Qh3 Re7 47. Rg4 Rg7 48. Rxg5+ Kxg5 49. Rf1 Rg6 50. Rf5# 1-0


[Site "https://www.chess.com"]

[Event "Titled Tuesday Blitz January 25 2022"]
[White "Bodnaruk, Anastasia"]
[Black "Vivas Zamora, Fabian Ernesto"]
[WhiteFideId "4181751"]
[BlackFideId "3902480"]
[WhiteElo "2393"]
[BlackElo "1966"]
[Result "0-1"]
[Round "10"]
[TimeControl "180+1"]
[Date "2022.01.26"]
[WhiteClock "0:00:01"]
[BlackClock "0:00:04"]

1. e4 e5 2. Nf3 Nc6 3. Bb5 a6 4. Ba4 Nf6 5. O-O Be7 6. Re1 b5 7. Bb3 O-O 8. a4 Bb7 9. d3 d5 10. c3 dxe4 11. dxe4 Na5 12. Nxe5 Nxe4 13. axb5 Bc5 14. Bxf7+ Rxf7 15. Qxd8+ Rxd8 16. Nxf7 Kxf7 17. Rxa5 Bxf2+ 18. Kf1 Bxe1 19. Kxe1 axb5 20. Rxb5 Nd6 21. Rc5 Re8+ 22. Kd1 Re7 23. Bg5 Rd7 24. Kc1 Bxg2 25. Bf4 h6 26. Nd2 g5 27. Bg3 Kg6 28. b4 h5 29. b5 h4 30. Bxd6 cxd6 31. Rc8 g4 32. Nc4 g3 33. hxg3 h3 34. Rg8+ Rg7 35. Rh8 Rh7 36. Rxh7 Kxh7 37. Ne3 h2 38. Nxg2 h1=Q+ 0-1


[Site "https://www.chess.com"]

[Event "Titled Tuesday Blitz January 25 2022"]
[White "Chernomordik, Pavel"]
[Black "Papasimakopoulos, Alexandros"]
[WhiteFideId "2804530"]
[BlackFideId "4244125"]
[WhiteElo "2249"]
[BlackElo "2340"]
[Result "0-1"]
[Round "10"]
[TimeControl "180+1"]
[Date "2022.01.26"]
[WhiteClock "0:00:04"]
[BlackClock "0:00:41"]

1. e4 e6 2. Nc3 d5 3. d4 Bb4 4. Ne2 Nc6 5. a3 Ba5 6. e5 Nge7 7. Bg5 h6 8. Bh4 O-O 9. Qd3 Qe8 10. g4 Ng6 11. Bg3 f6 12. f4 fxe5 13. dxe5 d4 14. b4 Bxb4 15. axb4 Nxb4 16. Qe4 c5 17. Nd1 Bd7 18. c3 Bc6 19. Qb1 d3 20. Rg1 dxe2 21. cxb4 exd1=Q+ 22. Qxd1 Nxf4 23. Qd2 Rd8 24. Qe3 Nd5 25. Qxc5 b6 26. Qd4 a5 27. bxa5 bxa5 28. Qc5 Nb4 29. Rxa5 Nd3+ 30. Bxd3 Rxd3 31. Ke2 Rd5 32. Qb6 Bb5+ 33. Ke1 Qd7 34. Ra1 Rd2 35. g5 Re2# 0-1


[Site "https://www.chess.com"]

[Event "Titled Tuesday Blitz January 25 2022"]
[White "Cunjalo, Faris"]
[Black "Zarubitski, Viachaslau"]
[WhiteFideId "14410710"]
[BlackFideId "13509373"]
[WhiteElo "2263"]
[BlackElo "2325"]
[Result "1/2-1/2"]
[Round "10"]
[TimeControl "180+1"]
[Date "2022.01.26"]
[WhiteClock "0:00:14"]
[BlackClock "0:00:15"]

1. d4 c6 2. c4 d5 3. Nf3 Nf6 4. Nc3 dxc4 5. a4 Bf5 6. Ne5 Na6 7. e3 Nb4 8. Bxc4 e6 9. O-O Bd6 10. Qe2 Bc2 11. Nf3 Nd7 12. e4 Nb6 13. Ne1 Nxc4 14. Nxc2 Nxc2 15. Qxc2 O-O 16. Rd1 a5 17. b3 Nb6 18. Be3 Rc8 19. Ne2 Qe7 20. Nf4 Rfd8 21. Nd3 Qh4 22. e5 Bf8 23. Qd2 Qe4 24. Qxa5 Nd5 25. Qe1 Nxe3 26. Qxe3 Qxd4 27. Qxd4 Rxd4 28. Kf1 Rcd8 29. Ke2 R8d5 30. Rac1 g6 31. Rc4 Rxc4 32. bxc4 Ra5 33. Ra1 b5 34. cxb5 cxb5 35. Nb2 bxa4 36. Rxa4 Rxe5+ 37. Kf3 Bc5 38. Nd3 Rf5+ 39. Ke2 Bb6 40. Rb4 Ba5 41. Rb7 Rd5 42. h4 h6 43. g3 g5 44. hxg5 hxg5 45. Ke3 Kg7 46. Ke2 Kf6 47. Ra7 Bb6 48. Rb7 Bd4 49. Rc7 Ra5 50. Rc2 g4 51. Ne1 Kf5 52. Ng2 Ke4 53. Nf4 e5 54. Nd3 Ra3 55. Ne1 f5 56. Kf1 f4 57. Re2+ Kf5 58. gxf4 exf4 59. Rd2 Bc3 60. Rd3 Ke4 61. f3+ Kf5 62. fxg4+ Kxg4 63. Rf3 Kf5 64. Rh3 Ke4 65. Rf3 Ke5 66. Rh3 Kf5 67. Rf3 Ke4 68. Rh3 Kf5 69. Rf3 Kg4 70. Rd3 Kf5 71. Rf3 1/2-1/2


[Site "https://www.chess.com"]

[Event "Titled Tuesday Blitz January 25 2022"]
[White "Daneshvar, Bardiya"]
[Black "Timofeev, Artyom"]
[WhiteFideId "12576468"]
[BlackFideId "4140419"]
[WhiteElo "2295"]
[BlackElo "2583"]
[Result "1/2-1/2"]
[Round "10"]
[TimeControl "180+1"]
[Date "2022.01.26"]
[WhiteClock "0:00:04"]
[BlackClock "0:00:09"]

1. d4 d5 2. c4 e6 3. Nc3 c6 4. e3 Nf6 5. Nf3 Nbd7 6. Qc2 Bd6 7. g4 Bb4 8. Bd2 Qe7 9. g5 Bxc3 10. Bxc3 Ne4 11. Bd3 Nxc3 12. Qxc3 O-O 13. h4 dxc4 14. Bxc4 b6 15. h5 Bb7 16. h6 g6 17. d5 e5 18. d6 Qe8 19. O-O-O Kh8 20. Rh4 f5 21. gxf6 Rxf6 22. Ng5 c5 23. f4 Rd8 24. fxe5 Qxe5 25. Nf7+ Rxf7 26. Bxf7 Qxc3+ 27. bxc3 Ne5 28. Rf4 Bf3 29. Rd2 Bh5 30. Rf1 Ng4 31. d7 Nxh6 32. Be8 Kg7 33. e4 Bg4 34. e5 Be6 35. Rf6 Bc4 36. Rfd6 Nf5 37. Rc6 Kf8 38. Rc8 Ke7 39. Rxd8 Kxd8 40. Rh2 Bg8 41. Kd2 Ke7 42. Kd3 Ng7 43. Ke4 Nxe8 44. dxe8=Q+ Kxe8 45. e6 Ke7 46. Ke5 b5 47. a3 a6 48. Rh6 a5 49. Rh2 g5 50. Rh5 Bxe6 51. Rxh7+ Bf7 52. Rg7 b4 53. cxb4 cxb4 54. axb4 axb4 55. Rxg5 b3 56. Rg4 Kd7 57. Rb4 Kc6 58. Kd4 Be6 59. Kc3 Bd5 60. Rh4 Kc5 61. Rh8 Be6 62. Re8 Kd6 63. Rb8 Kc7 64. Rb4 Kc6 65. Rh4 Kd6 66. Rh2 Kc6 67. Kd4 Kd6 68. Rh8 Kc6 69. Rb8 Bf7 70. Rb4 Be6 71. Rxb3 Bxb3 1/2-1/2


[Site "https://www.chess.com"]

[Event "Titled Tuesday Blitz January 25 2022"]
[White "Dastan, Muhammed Batuhan"]
[Black "Samadov, Read"]
[WhiteFideId "6300014"]
[BlackFideId "13417444"]
[WhiteElo "2410"]
[BlackElo "2084"]
[Result "0-1"]
[Round "10"]
[TimeControl "180+1"]
[Date "2022.01.26"]
[WhiteClock "0:00:39"]
[BlackClock "0:00:55"]

1. d4 Nf6 2. c4 e6 3. Nc3 Bb4 4. Qc2 d5 5. cxd5 exd5 6. Bg5 h6 7. Bh4 O-O 8. e3 c5 9. dxc5 Nbd7 10. Nf3 Qa5 11. a3 Ne4 12. Rc1 Bxc3+ 13. bxc3 g5 14. Bg3 Ndxc5 15. Be5 Qxa3 16. Be2 Bf5 17. Nd4 Bg6 18. Nb5 Qb3 19. Qxb3 Nxb3 20. Rd1 f6 21. Bg3 a6 22. Nc7 Nxc3 23. Nxa8 Rxa8 24. Rxd5 Nxd5 25. Bc4 Bf7 26. Bxb3 Nb4 27. Bxf7+ Kxf7 28. Ke2 Rc8 29. Rb1 Rc2+ 30. Kf3 a5 31. Bd6 Rc4 32. Ra1 Nc6 33. Bc7 a4 34. Bb6 Ne5+ 35. Kg3 Nd7 36. Bd4 b5 37. h4 Nc5 38. Rb1 Nb3 39. Bb2 b4 40. hxg5 hxg5 41. Kf3 Nd2+ 0-1


[Site "https://www.chess.com"]

[Event "Titled Tuesday Blitz January 25 2022"]
[White "Deac, Bogdan-Daniel"]
[Black "Babazada, Khazar"]
[WhiteFideId "1226380"]
[BlackFideId "13413554"]
[WhiteElo "2646"]
[BlackElo "2418"]
[Result "1-0"]
[Round "10"]
[TimeControl "180+1"]
[Date "2022.01.26"]
[WhiteClock "0:00:07"]
[BlackClock "0:00:06"]

1. d4 g6 2. g3 Bg7 3. Bg2 Nf6 4. Nf3 O-O 5. O-O d6 6. b3 Nbd7 7. Bb2 b6 8. c4 Bb7 9. Nc3 Re8 10. Qc2 e5 11. Rad1 e4 12. Ng5 Qe7 13. d5 e3 14. f4 a5 15. Nb5 Nc5 16. f5 Rf8 17. Nf3 Ng4 18. Bxg7 Kxg7 19. Qc3+ Kg8 20. Qd4 Nf2 21. Rc1 Rac8 22. f6 Qe4 23. Rc3 Qxd4 24. Nfxd4 Rfe8 25. Nc2 Nd7 26. Rxe3 Ng4 27. Rxe8+ Rxe8 28. e4 Ngxf6 29. Nxc7 Re5 30. Nb5 Ne8 31. Ncd4 Nc5 32. Re1 f5 33. Nc6 Bxc6 34. dxc6 fxe4 35. c7 Nxc7 36. Nxc7 Nd3 37. Rxe4 Rxe4 38. Bxe4 Nc1 39. Bd5+ Kg7 40. Na8 Nxa2 41. Nxb6 Nc1 42. c5 dxc5 43. Bc4 Na2 44. Na4 Kf6 45. Kf2 Ke5 46. Ke3 Nb4 47. Nxc5 Nc2+ 48. Kd2 Nd4 49. Ke3 Nc2+ 50. Kd3 Ne1+ 51. Ke2 Nc2 52. Nb7 Nd4+ 53. Kf2 Nc6 54. Bb5 Nd4 55. Ba4 Ke4 56. Nxa5 h5 57. b4 g5 58. b5 Ne6 59. b6 Nc5 60. b7 1-0


[Site "https://www.chess.com"]